 Dungeon Crawl Stone Soup version 0.26.0-10-g1f06aea511 (webtiles) character file.

Game seed: 16964082874787099918

77 Borgoz the Slasher (level 4, -1/38 HPs)
             Began as a Ghoul Gladiator on Jan 18, 2021.
             Slain by an orc
             ... wielding a +0 mace
              (6 damage)
             ... on level 2 of the Dungeon.
             The game lasted 00:01:13 (1101 turns).

Borgoz the Slasher (Ghoul Gladiator)                Turns: 1101, Time: 00:01:13

Health: -1/38      AC:  6    Str: 17    XL:     4   Next: 34%
Magic:  3/3        EV: 12    Int:  3    God:
Gold:   109        SH:  0    Dex: 11    Spells: 3/3 levels left

rFire    . . .     SeeInvis .   a - +0 long sword
rCold    + . .     Faith    .   (no shield)
rNeg     + + +     Spirit   .   f - +0 ring mail
rPois    ∞         Reflect  .   c - +0 helmet
rElec    .         Harm     .   (no cloak)
rCorr    .         Rampage  .   (no gloves)
Will     .....                  (no boots)
Stlth    +.........             (no amulet)
HPRegen  0.00/turn              (no ring)
MPRegen  0.08/turn              (no ring)

@: no status effects
A: claws 1, cold resistance 1, negative energy resistance 3, inhibited
regeneration, torment resistance, unbreathing
a: no special abilities


You were on level 2 of the Dungeon.
You visited 1 branch of the dungeon, and saw 2 of its levels.

You collected 109 gold pieces.

Inventory:

Hand Weapons
 a - a +0 long sword (weapon)
Missiles
 d - a throwing net (quivered)
Armour
 c - a +0 helmet (worn)
 f - a +0 ring mail (worn)
Scrolls
 b - a scroll of remove curse {unknown}
 g - a scroll of random uselessness {unknown}
 h - a scroll of amnesia {unknown}
 j - a scroll of teleportation
 k - a scroll of identify {unknown}
Potions
 e - a potion of flight {unknown}
 i - a potion of invisibility {unknown}


   Skills:
 + Level 3.0 Fighting
 + Level 3.2 Long Blades
 - Level 1.7 Throwing
 + Level 1.5 Armour
 + Level 3.2 Dodging


You had 3 spell levels left.
You didn't know any spells.
Your spell library was empty.

Dungeon Overview and Level Annotations

Branches:
Dungeon (2/15)

Altars:


Innate Abilities, Weirdness & Mutations

You thrive by killing the living.
You are immune to poison.
You have sharp fingernails.
Your flesh is cold resistant. (rC+)
You are immune to negative energy. (rN+++)
You do not regenerate when monsters are visible.
You are immune to unholy pain and torment.
You can survive without breathing.


Message History

You hit the orc.
You kill the orc!
You feel better. The kobold barely misses you.
You riposte.
You barely miss the kobold. The orc misses you.
You closely miss the orc. The kobold hits you but does no damage.
The orc hits you with a +0 mace.
The kobold hits you with a +0 short sword.
* * * LOW HITPOINT WARNING * * *
You hit the kobold.
You kill the kobold!
You feel better. The orc closely misses you.
You riposte.
You hit the orc.
The orc is moderately wounded.
You closely miss the orc.
The orc is moderately wounded.
The orc hits you with a +0 mace.
* * * LOW HITPOINT WARNING * * *
You barely miss the orc.
The orc is moderately wounded.
The orc hits you with a +0 mace.
You die...

#####
...
#o#
#@#
#)#
#.#
#.#
..[
#.#
#.#
#.#


You could see an orc.

Vanquished Creatures
  An orc wizard (D:2)
  2 gnolls (D:1)
  2 dart slugs (D:1)
  3 orcs (D:2)
  4 bats (D:1)
  3 goblins (D:1)
  A hobgoblin (D:1)
  3 jackals (D:1)
  4 frilled lizards (D:1)
  3 kobolds
  A rat (D:1)
27 creatures vanquished.

Vanquished Creatures (others)
  A plant (D:1)
1 creature vanquished.

Grand Total: 28 creatures vanquished

Notes
Turn   | Place    | Note
-------+----------+-------------------------------------------
     0 | D:1      | Borgoz the Ghoul Gladiator began the quest for the Orb.
     0 | D:1      | Reached XP level 1. HP: 17/17 MP: 0/0
   110 | D:1      | Reached XP level 2. HP: 8/25 MP: 1/1
   482 | D:1      | Reached skill level 1 in Armour
   489 | D:1      | Reached XP level 3. HP: 27/30 MP: 2/2
  1094 | D:2      | Reached XP level 4. HP: 22/38 MP: 3/3
  1101 | D:2      | Slain by an orc

Illustrated notes

Levels and vault maps discovered:
D:1:      wander_arrival_lonely_grave, layout_loops_ring, serial_bayou_pond_c,
          minivault_11
D:2:      wander_river, layout_loops_cross, nicolae_overflow_crystal_walls,
          chequers_ecumenical_altar_grove

Skill      XL: |  1  2  3 |
---------------+----------+-----
Long Blades    | 3 |  3.2
Armour         | 1 |  1.5
Dodging        | 3 |  3.2
Fighting       | 3 |  3.0
Throwing       | |  1.7

Action                   |  1- 3 |  4- 6 || total
-------------------------+-------+-------++-------
Melee: Long sword        |    97 |     8 ||   105
Throw: Throwing net      |     3 |       ||     3
  Use: Scroll            |     1 |       ||     1
Armor: Leather armour    |     4 |       ||     4
       Ring mail         |    37 |     1 ||    38
Dodge: Dodged            |    61 |     3 ||    64
       Rpst.: Long sword |    17 |     2 ||    19
